 Dungeon Crawl Stone Soup version 0.31.0-32-g396128a36d (webtiles) character file.

Game seed: 9523677779575889510

65 leafyfresh the Covert (level 4, 0/41 HPs)
             Began as a Gnoll Delver on Mar 28, 2024.
             Slain by an iguana (14 damage)
             ... on level 5 of the Dungeon.
             The game lasted 00:00:26 (128 turns).

leafyfresh the Covert (Gnoll Delver)                 Turns: 128, Time: 00:00:27

Health: 0/41       AC:  3    Str: 11    XL:     4   Next: 14%
Magic:  5/5        EV: 13    Int:  9    God:
Gold:   29         SH:  0    Dex: 16    Spells: 5/5 levels left

rFire   . . .        a - +0 short sword
rCold   . . .        (no shield)
rNeg    . . .        b - +0 leather armour
rPois   .            (no helmet)
rElec   .            (no cloak)
rCorr   .            (no gloves)
SInv    .            (no boots)
Will    .....        (no amulet)
Stlth   ++++         (no ring)
HPRegen 0.26/turn    (no ring)
MPRegen 0.09/turn

%: no passive effects
@: no status effects
A: fangs 1, strong nose, distributed training
a: no special abilities


You were on level 5 of the Dungeon.
You visited 1 branch of the dungeon, and saw 1 of its levels.

You collected 29 gold pieces.

Inventory:

Hand Weapons
 a - a +0 short sword (weapon)
Armour
 b - a +0 leather armour (worn)
Wands
 g - a wand of digging (3)
Scrolls
 c - a scroll of fog
 d - a scroll of revelation
 e - a scroll of fear
Potions
 f - a potion of haste
 h - a potion of cancellation {unknown}


   Skills:
 + Level 6.6 Fighting
 + Level 4.6 Short Blades
 + Level 1.1 Long Blades
 + Level 1.1 Axes
 + Level 1.1 Maces & Flails
 + Level 1.1 Polearms
 + Level 1.1 Staves
 + Level 1.1 Ranged Weapons
 + Level 1.1 Throwing
 + Level 1.1 Armour
 + Level 4.6 Dodging
 + Level 9.6 Stealth
 + Level 1.1 Shields
 + Level 1.1 Unarmed Combat
 + Level 1.1 Spellcasting
 + Level 0.8 Conjurations
 + Level 0.8 Hexes
 + Level 0.8 Summonings
 + Level 0.8 Necromancy
 + Level 0.8 Translocations
 + Level 0.8 Fire Magic
 + Level 0.8 Ice Magic
 + Level 0.8 Air Magic
 + Level 0.8 Earth Magic
 + Level 0.8 Alchemy
 + Level 1.2 Invocations
 + Level 1.1 Evocations
 + Level 1.0 Shapeshifting


You had 5 spell levels left.
You didn't know any spells.
Your spell library was empty.

Dungeon Overview and Level Annotations

Branches:
Dungeon (5/15)
 Temple: D:4-7

Altars:


Innate Abilities, Weirdness & Mutations

You have very sharp teeth.
Your uncanny sense of smell can sniff out nearby items.
Your experience applies equally to all skills.


Message History

You are too injured to fight recklessly!
You are too injured to fight recklessly!
You are too injured to fight recklessly!
You are too injured to fight recklessly!
You are too injured to fight recklessly!
You are too injured to fight recklessly!
You are too injured to fight recklessly!
You are too injured to fight recklessly!
You are too injured to fight recklessly!
You are too injured to fight recklessly!
You are too injured to fight recklessly!
You are too injured to fight recklessly!
You are too injured to fight recklessly!
You are too injured to fight recklessly!
You are too injured to fight recklessly!
You are too injured to fight recklessly!
You are too injured to fight recklessly!
You are too injured to fight recklessly!
You are too injured to fight recklessly!
You are too injured to fight recklessly!
You are too injured to fight recklessly!
You are too injured to fight recklessly!
You hit the iguana but do no damage.
The iguana is heavily wounded.
The iguana closely misses you.
You hit the iguana. You bite the iguana, but do no damage.
The iguana is heavily wounded.
The iguana bites you.
You hit the iguana.
The iguana is severely wounded.
The iguana misses you.
You hit the iguana but do no damage. Your bite misses the iguana.
The iguana is severely wounded.
You hit the iguana but do no damage.
The iguana is severely wounded.
The iguana closely misses you.
You hit the iguana but do no damage.
The iguana is severely wounded.
The iguana bites you!
You die...

.##.....## .#......##
........# #.......+
##.......# #.......#
#..l..# ### #.@.# ..#
##'## #.# #.# #.# #.#
#.########.##
#.##[..##...## #
#.#.###>.....#
#.#.###..## ##....##
#.......#######..#######


You could see an iguana.

Vanquished Creatures
  Blork the orc (D:5)
1 creature vanquished.

Notes
Turn   | Place    | Note
-------+----------+-------------------------------------------
     0 | D:5      | Reached skill level 9 in Stealth
     0 | D:5      | leafyfresh the Gnoll Delver began the quest for the Orb.
     0 | D:5      | Reached XP level 1. HP: 23/23 MP: 1/1
    19 | D:5      | Noticed Blork the orc
    26 | D:5      | Killed Blork the orc
    27 | D:5      | Reached skill level 1 in Long Blades
    27 | D:5      | Reached skill level 1 in Axes
    27 | D:5      | Reached skill level 1 in Maces & Flails
    27 | D:5      | Reached skill level 1 in Polearms
    27 | D:5      | Reached skill level 1 in Staves
    27 | D:5      | Reached skill level 1 in Ranged Weapons
    27 | D:5      | Reached skill level 1 in Throwing
    27 | D:5      | Reached skill level 1 in Armour
    27 | D:5      | Reached skill level 1 in Shields
    27 | D:5      | Reached skill level 1 in Unarmed Combat
    27 | D:5      | Reached skill level 1 in Spellcasting
    27 | D:5      | Reached skill level 1 in Invocations
    27 | D:5      | Reached skill level 1 in Evocations
    27 | D:5      | Reached skill level 1 in Shapeshifting
    27 | D:5      | Reached XP level 2. HP: 29/29 MP: 1/3
    27 | D:5      | Reached XP level 3. HP: 35/35 MP: 1/4
    27 | D:5      | Reached XP level 4. HP: 41/41 MP: 1/5
   128 | D:5      | Slain by an iguana

Illustrated notes

Levels and vault maps discovered:
D:5:      layout_loops_corners, marbit_many_paths,
          mainiacjoe_sewer_entry_somewhere_in_here_2, corexii_leaking_fountain,
          grunt_tough_drop, uniq_blork_the_orc, uniq_menkaure

Skill      XL: |  1 |
---------------+----+-----
Stealth        | |  9.6
Long Blades    | 1 |  1.1
Axes           | 1 |  1.1
Maces & Flails | 1 |  1.1
Polearms       | 1 |  1.1
Staves         | 1 |  1.1
Ranged Weapons | 1 |  1.1
Throwing       | 1 |  1.1
Armour         | 1 |  1.1
Shields        | 1 |  1.1
Unarmed Combat | 1 |  1.1
Spellcasting   | 1 |  1.1
Invocations    | 1 |  1.2
Evocations     | 1 |  1.1
Shapeshifting  | 1 |  1.0
Fighting       | |  6.6
Short Blades   | |  4.6
Dodging        | |  4.6
Conjurations   | |  0.8
Hexes          | |  0.8
Summonings     | |  0.8
Necromancy     | |  0.8
Translocations | |  0.8
Fire Magic     | |  0.8
Ice Magic      | |  0.8
Air Magic      | |  0.8
Earth Magic    | |  0.8
Alchemy        | |  0.8

Action                     |  1- 3 |  4- 6 || total
---------------------------+-------+-------++-------
  Melee: Short sword       |     1 |    20 ||    21
         Bite              |       |     3 ||     3
   Stab: Sleeping          |     1 |       ||     1
 Armour: Leather armour    |       |     9 ||     9
  Dodge: Dodged            |       |     7 ||     7
